 Dungeon Crawl Stone Soup version 0.29.1 (webtiles) character file.

Game seed: 10360438519536230457

567 Icepheonix32 the Covered (level 7, -23/84 HPs)
             Began as a Formicid Fighter on Sept 13, 2022.
             Was an Initiate of Okawaru.
             Annihilated by a two-headed ogre
             ... wielding a +0 giant spiked club
              (26 damage)
             ... on level 6 of the Dungeon.
             The game lasted 00:05:17 (3697 turns).

Icepheonix32 the Covered (Formicid Fighter)         Turns: 3697, Time: 00:05:18

Health: -23/84     AC: 23    Str: 22    XL:     7   Next: 59%
Magic:  7/7        EV:  2    Int: 14    God:    Okawaru [......]
Gold:   188        SH:  5    Dex: 13    Spells: 6/6 levels left

rFire   . . .      SeeInvis .   a - +0 long sword
rCold   . . .      Faith    .   c - +0 buckler
rNeg    . . .      Spirit   .   (body armour currently unavailable)
rPois   +          Reflect  .   (helmet unavailable)
rElec   .          Harm     .   (cloak currently unavailable)
rCorr   +          Rampage  .   (gloves currently unavailable)
Will    .....                   (boots currently unavailable)
Stlth   ++........              e - amulet of magic regeneration
HPRegen 0.24/turn               s - ring of resist corrosion
MPRegen 0.50/turn               u - +6 ring of intelligence

@: tree-form, unable to drink
A: stationary, stasis, torment immunity, boosted hp, permanent stasis, dig
shafts and tunnels, (antennae 3), four strong arms, (iridescent scales 1),
inability to drink after injury 1
a: Renounce Religion


You were on level 6 of the Dungeon.
You worshipped Okawaru.
Okawaru was noncommittal.
You were a tree.
You visited 2 branches of the dungeon, and saw 5 of its levels.

You collected 188 gold pieces.

Inventory:

Hand Weapons
 a - a +0 long sword (weapon)
Missiles
 d - 2 boomerangs
 w - 3 boomerangs of dispersal
Armour
 b - a +0 scale mail (melded)
 c - a +0 buckler (worn)
 h - a +0 pair of boots (melded)
Jewellery
 e - an amulet of magic regeneration (around neck)
 o - a ring of ice
 s - a ring of resist corrosion (left branch)
 u - a +6 ring of intelligence (right branch)
Wands
 n - a wand of paralysis (2)
Scrolls
 g - 2 scrolls of teleportation {unknown}
 j - 2 scrolls of identify {unknown}
 k - a scroll of enchant weapon {unknown}
 r - 2 scrolls of enchant armour {unknown}
 t - 2 scrolls of poison {unknown}
 v - a scroll of noise {unknown}
 x - a scroll of magic mapping {unknown}
 y - a scroll of brand weapon {unknown}
Potions
 i - a potion of mutation
 m - a potion of degeneration {unknown}
 p - a potion of heal wounds {unknown}


   Skills:
 + Level 5.0 Fighting
 + Level 4.9 Long Blades
 + Level 5.1 Armour
 + Level 1.6 Dodging
 + Level 1.2 Stealth
 + Level 5.0 Shields


You had 6 spell levels left.
You didn't know any spells.
Your spell library contained the following spells:

 Spells                   Type           Power      Damage    Failure   Level
 Conjure Flame            Conj/Fire      0%         6-21      71%         3
 Ignite Poison            Fire/Tmut/Pois 0%         N/A       71%         3
 Sticky Flame             Conj/Fire      0%         2d3       98%         4


Dungeon Overview and Level Annotations

Branches:
Dungeon (6/15)             Temple (1/1) D:6

Altars:
Ashenzari
Cheibriados
Dithmenos
Elyvilon
Fedhas
Gozag
Hepliaklqana
Kikubaaqudgha
Makhleb
Okawaru
Qazlal
Ru
Sif Muna
Trog
Uskayaw
Vehumet
Wu Jian
Yredelemnul
Zin
The Shining One


Innate Abilities, Weirdness & Mutations

You are a tree.
Your roots penetrate the ground, keeping you stationary.
You cannot be teleported.
You are immune to unholy pain and torment.
Your maximum health is greatly increased.
Your equipment is partially melded.
You cannot be hasted, slowed, berserked, paralysed or teleported.
You can dig through walls and to a lower floor.
((You have a pair of large antennae on your head. (SInv)))
Your four strong arms can wield two-handed weapons with a shield.
((You are partially covered in iridescent scales. (AC +2)))
You occasionally lose the ability to drink potions when taking damage.


Message History

Okay, then.
Okay, then.
As you read the scroll labelled IRAOCE FIGITE, it crumbles to dust.
It is a scroll of amnesia.
You feel forgetful for a moment.
It was a potion of flight.
Your roots keep you in place.
You hit the two-headed ogre.
The two-headed ogre is lightly wounded.
The two-headed ogre hits you with a +0 giant spiked club!
The two-headed ogre hits you with a +0 great mace.
You hit the two-headed ogre.
The two-headed ogre is lightly wounded.
You completely miss the two-headed ogre.
The two-headed ogre is lightly wounded.
The two-headed ogre hits you with a +0 giant spiked club!
The two-headed ogre hits you with a +0 great mace!
You slash the two-headed ogre!
The two-headed ogre is moderately wounded.
The two-headed ogre hits you with a +0 giant spiked club.
The two-headed ogre hits you but does no damage.
You barely miss the two-headed ogre.
The two-headed ogre is moderately wounded.
The two-headed ogre hits you with a +0 giant spiked club!!
* * * LOW HITPOINT WARNING * * *
The two-headed ogre hits you but does no damage.
It was a potion of mutation.
You feel extremely strange.
You occasionally lose the ability to drink potions when taking damage.
Iridescent scales grow over part of your body.
The two-headed ogre hits you but does no damage.
The two-headed ogre hits you with a +0 great mace!
You feel threatened and lose the ability to drink potions!
* * * LOW HITPOINT WARNING * * *
You cannot drink potions in your current state!
You closely miss the two-headed ogre.
The two-headed ogre is lightly wounded.
Unknown command.
You hit the two-headed ogre.
The two-headed ogre is moderately wounded.
The two-headed ogre hits you with a +0 giant spiked club!!
You die...

.. ... #.#.# #O
....#.#.# {
........# .#
......... ###.
......... #..
......#.# #.#
......#.. #O#
####..##. #♣#
#....> #.# ###.. .
#.# #... .
#.##########.##
#.........#...####
####.#.##..#.#.#..
#.#.......##..#
#.####..###.#.#
#.# #.#.#.##.#


You could see a two-headed ogre.

Vanquished Creatures
  2 ice beasts (D:6)
  An ogre (D:6)
  A scorpion (D:6)
  A jelly (D:6)
  2 orc priests (D:6)
  A hound (D:6)
  An orc wizard (D:3)
  4 adders
  7 orcs
  2 endoplasms
  4 giant cockroaches
  4 goblins
  7 hobgoblins
  4 jackals (D:2)
  3 quokkas
  5 ball pythons
  3 bats
  A frilled lizard (D:3)
  4 kobolds
  9 rats
66 creatures vanquished.

Notes
Turn   | Place    | Note
-------+----------+-------------------------------------------
     0 | D:1      | Icepheonix32 the Formicid Fighter began the quest for the
                  | Orb.
     0 | D:1      | Reached XP level 1. HP: 18/18 MP: 1/1
   164 | D:1      | Reached XP level 2. HP: 24/24 MP: 2/2
  1022 | D:2      | Found a faded altar of an unknown god.
  1027 | D:2      | Reached XP level 3. HP: 27/30 MP: 3/3
  1361 | D:2      | Found a glowing silver altar of Zin.
  1714 | D:2      | Reached XP level 4. HP: 33/37 MP: 4/4
  2035 | D:3      | Reached skill level 1 in Dodging
  2043 | D:3      | Reached XP level 5. HP: 9/42 MP: 5/5
  2563 | D:3      | You fall into a shaft and drop 3 floors!
  2612 | D:6      | Noticed an ogre
  2622 | D:6      | Killed an ogre
  2623 | D:6      | Reached XP level 6. HP: 42/48 MP: 6/6
  2646 | D:6      | Reached skill level 1 in Stealth
  2900 | D:6      | Noticed an ice beast
  2904 | D:6      | Found a staircase to the Ecumenical Temple.
  2915 | D:6      | Killed an ice beast
  2925 | D:6      | Noticed an ice beast
  2938 | Temple   | Entered the Ecumenical Temple
  3186 | Temple   | Became a worshipper of Warmaster Okawaru
  3210 | D:6      | Killed an ice beast
  3211 | D:6      | Reached XP level 7. HP: 51/55 MP: 7/7
  3279 | D:6      | Reached skill level 5 in Armour
  3374 | D:6      | Reached skill level 5 in Fighting
  3648 | D:6      | Reached skill level 5 in Shields
  3683 | D:6      | Noticed a two-headed ogre
  3695 | D:6      | Gained mutation: You occasionally lose the ability to drink
                  | potions when taking damage. [potion of mutation]
  3695 | D:6      | Gained mutation: You are partially covered in iridescent
                  | scales. (AC +2) [potion of mutation]
  3695 | D:6      | HP: 3/84 [two-headed ogre/+0 giant spiked club (12)]
  3697 | D:6      | Annihilated by a two-headed ogre

Illustrated notes

Levels and vault maps discovered:
D:1:      dpeg_arrival_tiny_j, layout_basic, chequers_jeans
D:2:      layout_loops_ring, shapermc_ecumenical_altar_pompeii, basic_altar
D:3:      layout_basic
D:6:      layout_loops_cross, minmay_temple_entry_gardened_gates
Temple:   nicolae_temple_bog_church

Skill      XL: |  1  2  3  4  5  6  7 |
---------------+----------------------+-----
Long Blades    | 3 4 |  4.9
Dodging        | 1 |  1.6
Fighting       | 4 5 |  5.0
Armour         | 4 5 |  5.1
Stealth        | 1 |  1.2
Shields        | 5 |  5.0

Action                   |  1- 3 |  4- 6 |  7- 9 || total
-------------------------+-------+-------+-------++-------
Melee: Long sword        |   117 |   119 |    43 ||   279
 Abil: Shaft Self        |       |     1 |       ||     1
  Use: Potion            |       |     3 |     3 ||     6
       Scroll            |       |       |     1 ||     1
Armor: Scale mail        |    60 |    53 |    17 ||   130
       Skin              |       |       |     3 ||     3
Dodge: Dodged            |    67 |    62 |    17 ||   146
Block: Buckler           |    32 |    29 |    10 ||    71
